 Dungeon Crawl Stone Soup version 0.31.0-1-g2c135a008e (webtiles) character file.

Game seed: 1339009460718141105

69 qw the Shooter (level 4, -2/35 HPs)
             Began as a Djinni Hunter on Jan 23, 2024.
             Slain by a gnoll bouda
             ... wielding a +0 club
              (11 damage)
             ... on level 3 of the Dungeon.
             The game lasted 00:00:08 (1503 turns).

qw the Shooter (Djinni Hunter)                      Turns: 1503, Time: 00:00:08

Health: -2/35      AC:  5    Str: 12    XL:     4   Next: 42%
Gold:   152        EV: 11    Int: 11    God:
                   SH:  0    Dex: 21

rFire   + + +        a - +0 shortbow
rCold   x . .        (shield currently unavailable)
rNeg    . . .        e - +0 ring mail
rPois   inf          (no helmet)
rElec   .            (no cloak)
rCorr   .            (no gloves)
SInv    .            (boots unavailable)
Will    .....        c - amulet of faith
Stlth   +            d - ring "Macah" {rF+ Str+2 Dex+3}
HPRegen 0.25/turn    (no ring)
MPRegen 0.00/turn

%: faith, infuse magic (-3 HP)
@: flying
A: sickness immunity, fire resistance 2, cold vulnerability 1, float, innate
caster, HP casting, extra vitality 1
a: no special abilities


You were on level 3 of the Dungeon.
You visited 1 branch of the dungeon, and saw 3 of its levels.

You collected 152 gold pieces.


Innate Abilities, Weirdness & Mutations

You are immune to sickness and miasma.
You are immune to poison.
Your flesh is very heat resistant. (rF++)
You are vulnerable to cold. (rC-)
You float through the air rather than walking.
You learn spells naturally, not from books.
Your magical power is your life essence.
You have superior vitality. (+4 MHP)


   Skills:
 - Level 3.1 Fighting
 - Level 4.0 Ranged Weapons
 - Level 1.0 Armour
 + Level 2.1 Dodging
 - Level 0.7 Stealth


You knew the following spells:

 Your Spells              Type           Power      Damage    Failure   Level
a - Apportation           Tloc           0%         N/A       63%         1
Your spell library was empty.

Inventory:

Hand Weapons
 a - a +0 shortbow (weapon)
Armour
 e - a +0 ring mail (worn)
Jewellery
 c - an amulet of faith (around neck)
 d - the ring "Macah" (left hand) {rF+ Str+2 Dex+3}
   (You acquired it on level 2 of the Dungeon)

   [ring of protection from fire]

   Str+2:     It affects your strength (+2).
   Dex+3:     It affects your dexterity (+3).
   rF+:       It protects you from fire.
Wands
 b - a wand of acid (6)
Scrolls
 i - a scroll of teleportation {unknown}
 l - a scroll of immolation {unknown}
 m - a scroll of silence {unknown}
Potions
 f - a potion of heal wounds
 g - a potion of haste
 h - a potion of ambrosia {unknown}
 j - 2 potions of curing {unknown}
 k - a potion of enlightenment {unknown}

Dungeon Overview and Level Annotations

Branches:
Dungeon (3/15)

Altars:

Shops:
D:3 ?


Message History

A kobold comes into view. It is wielding a +0 whip of holy wrath.
Enter note:
Enter note: You shoot an arrow.
The gnoll shouts! x2
The arrow hits the gnoll!
The gnoll is severely wounded.
You shoot an arrow. The arrow hits the gnoll bouda.
The gnoll bouda is lightly wounded.
You shoot an arrow. The arrow hits the gnoll.
The gnoll is moderately wounded.
The gnoll bouda gazes fiercely through you!
You feel your attacks grow feeble.
You shoot an arrow. The arrow hits the gnoll!
The gnoll is almost dead.
The gnoll barely misses you. x2
You shoot an arrow.
The arrow hits the gnoll but does no damage.
The gnoll is almost dead.
The gnoll hits you with a +4 whip.
The gnoll hits you from afar with a +2 vampiric halberd!
You shoot an arrow. The arrow hits the gnoll!
You kill the gnoll!
The gnoll hits you from afar with a +2 vampiric halberd!
The gnoll closely misses you. The gnoll bouda barely misses you.
Your Fighting skill increases to level 3!
You shoot an arrow. The arrow hits the gnoll bouda!
The gnoll bouda is heavily wounded.
Your attacks no longer feel as feeble.
The gnoll closely misses you. The gnoll bouda barely misses you.
You shoot an arrow.
The arrow hits the gnoll bouda but does no damage.
The gnoll bouda is heavily wounded.
The gnoll closely misses you.
The gnoll bouda hits you with a +0 club.
You shoot an arrow. The arrow hits the gnoll bouda.
The gnoll bouda is severely wounded.
The gnoll hits you from afar with a +2 vampiric halberd.
The gnoll bouda hits you with a +0 club!
You die...

## .... .... ... #.####
b.## #....# +### #....#
#\## ## ###....##### ..
#....>....####.###..
#...........@gK.....
#####.........####g###..
#...(..#...#### ..
....##.#...# ...
#.#.##.#...# ###
#.#....##### #.####.#
..####.# +......#


You could see a gnoll bouda, a gnoll (swift) and a kobold.

Vanquished Creatures
  A gnoll (D:3)
  An orc (D:3)
  5 endoplasms
  3 giant cockroaches
  4 goblins
  4 hobgoblins
  2 jackals (D:2)
  3 quokkas
  7 ball pythons
  7 bats
  2 frilled lizards
  4 kobolds
  13 rats
56 creatures vanquished.

Notes
Turn   | Place    | Note
-------+----------+-------------------------------------------
     0 | D:1      | qw the Djinni Hunter began the quest for the Orb.
     0 | D:1      | Reached XP level 1. HP: 18/18 MP: 0/0
     0 | D:1      | 0 ||| qw: Version: 0.3-a-135-gb77e89d
     0 | D:1      | 0 ||| qw: Game counter: 894
     0 | D:1      | 0 ||| qw: Melee chars always use a shield: true
     0 | D:1      | 0 ||| qw: God list: Okawaru
     0 | D:1      | 0 ||| qw: Allow faded altars: false
     0 | D:1      | 0 ||| qw: Do Orc after clearing Dungeon:15 true
     0 | D:1      | 0 ||| qw: Do second Lair branch before Depths: true
     0 | D:1      | 0 ||| qw: Lair rune preference: random
     0 | D:1      | 0 ||| qw: Goals: Normal
     0 | D:1      | 0 ||| PLANNING D:1-11
   219 | D:1      | Reached XP level 2. HP: 23/23 MP: 0/0
   468 | D:1      | Reached XP level 3. HP: 27/28 MP: 0/0
   468 | D:1      | Learned a level 1 spell: Apportation
   482 | D:1      | Reached skill level 4 in Ranged Weapons
   777 | D:1      | 777 ||| UPGRADING to +0 ring mail.
   787 | D:1      | 787 ||| DROPPING +0 leather armour.
   788 | D:1      | 788 ||| READING 3 scrolls labelled DYHORA LONU.
   788 | D:1      | 788 ||| IDENTIFYING smoky ruby potion
   789 | D:1      | 789 ||| READING 2 scrolls of identify.
   789 | D:1      | 789 ||| IDENTIFYING ruby potion
   790 | D:1      | 790 ||| DROPPING scroll of butterflies.
   973 | D:2      | Identified the +5 short sword "Sargh" {chaos, Str+3 SInv}
   984 | D:2      | Reached skill level 1 in Armour
  1220 | D:2      | 1220 ||| UPGRADING to amulet of faith.
  1225 | D:2      | 1225 ||| READING 2 scrolls of identify.
  1225 | D:2      | 1225 ||| IDENTIFYING viscous silvery potion
  1226 | D:2      | 1226 ||| READING scroll of identify.
  1226 | D:2      | 1226 ||| IDENTIFYING amethyst potion
  1227 | D:2      | 1227 ||| READING 2 scrolls labelled XOLIR JAKHOD.
  1228 | D:2      | 1228 ||| READING scroll labelled GONTEO PUDYROS.
  1228 | D:2      | Identified a scroll of acquirement
  1228 | D:2      | 1228 ||| ACQUIRING ring "Macah" {rF+ Str+2 Dex+3}
  1228 | D:2      | Acquired the ring "Macah" {rF+ Str+2 Dex+3}
  1230 | D:2      | 1230 ||| UPGRADING to ring "Macah" {rF+ Str+2 Dex+3}.
  1231 | D:2      | 1231 ||| DROPPING potion of brilliance.
  1232 | D:2      | 1232 ||| DROPPING potion of degeneration.
  1233 | D:2      | 1233 ||| DROPPING scroll of noise.
  1247 | D:3      | 1247 ||| PLANNING SEWER
  1249 | D:3      | Reached XP level 4. HP: 34/34 MP: 0/0
  1323 | D:3      | Found a faded altar of an unknown god.
  1484 | D:3      | Found Casta's Magic Scroll Boutique.
  1501 | D:3      | Reached skill level 3 in Fighting
  1503 | D:3      | Slain by a gnoll bouda

Levels and vault maps discovered:
D:1:      psy_arrival_conway, layout_rooms, serial_forest,
          infiniplex_forest_straight_3, infiniplex_forest_side_room,
          infiniplex_forest_corner_1, infiniplex_forest_side_room,
          infiniplex_forest_zigzag_2, infiniplex_forest_clump_diagonal,
          infiniplex_forest_end_double, infiniplex_forest_clump_long,
          infiniplex_forest_clump_diagonal, infiniplex_forest_straight_2
D:2:      minmay_diamond_boxcup, layout_rooms
D:3:      layout_loops_cross, nemelex_diamond_rough_becter, serial_shops,
          nicolae_shop_tiny_glass, shapermc_ecumenical_altar_starsandcircs,
          gup_sewer_entry_bowl

Skill      XL: |  1  2  3  4 |
---------------+-------------+-----
Ranged Weapons | 4 |  4.0
Armour         | 1 |  1.0
Fighting       | 3 |  3.1
Dodging        | |  2.1
Stealth        | |  0.7

Action                     |  1- 3 |  4- 6 || total
---------------------------+-------+-------++-------
   Fire: Shortbow          |   114 |    28 ||   142
    Use: Scroll            |     6 |       ||     6
 Armour: Leather armour    |     5 |       ||     5
         Ring mail         |    20 |     6 ||    26
  Dodge: Dodged            |    44 |     7 ||    51

Table legend:
 A = Non-vault XP
 B = Vault XP
 C = Vault XP percentage of total XP
 D = Non-vault monster count
 E = Vault monster count
 F = Vault count percentage of total count
                 A         B        C        D         E       F
            +---------+---------+-------+---------+---------+-------
      Total |      85 |      14 |  14.1 |      46 |      10 |  17.9
            +---------+---------+-------+---------+---------+-------
        D:1 |      33 |       0 |   0.0 |      23 |       0 |   0.0
        D:2 |      22 |      10 |  31.2 |      13 |       7 |  35.0
        D:3 |      30 |       4 |  11.8 |      10 |       3 |  23.1
            +---------+---------+-------+---------+---------+-------
